[Event "GrandPrix_30.05"]
[Site "Chess.com"]
[Date "2020.05.30"]
[Round "7"]
[White "ValeriyGrinev"]
[Black "Malysch"]
[Result "0-1"]
[WhiteElo "2141"]
[BlackElo "2315"]
[TimeControl "600+2"]
[EndTime "11:19:44 PDT"]
[Termination "Malysch won by resignation"]

1. c4 f5 2. Nc3 Nf6 3. g3 g6 4. Bg2 Bg7 5. d3 d6 6. e4 Nc6 7.
Nge2 O-O 8. O-O e5 9. h3 Be6 10. Nd5 Qd7 11. Kh2 Rae8 12. Be3 Kh8 13. Qd2 Ng8 14. exf5 Bxf5 15. d4 exd4 16. Nxd4 Be4 17. Rae1 Bxg2 18. Kxg2 Ne5 19. Qc2 c6 20. Nf4 c5 21. Nb5 Qc6+ 22. f3 a6 23. Na3 b5 24.
h4 Nh6 25. b3 Nhg4 26. Bd2 Nxf3 27. Rxf3 Rxe1 28. Qd3 Ne5 0-1

[Event "GrandPrix_30.05"]
[Site "Chess.com"]
[Date "2020.05.30"]
[Round "7"]
[White "kpio91"]
[Black "AsadliVugar"]
[Result "0-1"]
[WhiteElo "2602"]
[BlackElo "2613"]
[TimeControl "600+2"]
[EndTime "11:19:49 PDT"]
[Termination "AsadliVugar won by resignation"]

1. d4 Nf6 2. Nf3 e6 3. c4 b6 4. a3 Bb7 5. Bf4 g6 6. e3 Bg7 7. Nbd2 O-O 8. Be2 Nh5 9. Bg5 f6 10. Bh4 g5 11. g4 gxh4 12. gxh5 f5 13. Rg1 Kh8 14. Qc2 c5 15. O-O-O cxd4 16. Nxd4 Nc6 17. N2f3 Nxd4 18. Nxd4 Qe7 19. Kb1 Rac8 20. Qd2 d5 21. Rc1 e5 22. Nb5 a6 23. Nc3 dxc4 24. e4 fxe4 25.
h6 Bf6 26. Rg4 Rcd8 27. Qe3 Bc8 28. Rgg1 Rd4 29. Ka1 Bf5 30. Rce1 b5 31. f3 exf3 32. Bxf3 e4 33. Bxe4 Bxe4 34. Nxe4 Rxe4 0-1

[Event "GrandPrix_30.05"]
[Site "Chess.com"]
[Date "2020.05.30"]
[Round "7"]
[White "Olghita64"]
[Black "RussianChessFighter"]
[Result "1-0"]
[WhiteElo "2087"]
[BlackElo "2144"]
[TimeControl "600+2"]
[EndTime "11:19:51 PDT"]
[Termination "Olghita64 won by checkmate"]

1. Nf3 Nf6 2. c4 g6 3. Nc3 Bg7 4. e4 O-O 5. d4 d6 6. Be2 e5 7.
Be3 Ng4 8. Bg5 f6 9. Bh4 Nc6 10.
d5 Ne7 11. Nd2 Nh6 12. f3 g5 13. Bf2 f5 14. c5 Ng6 15. Qb3 Nf4 16. Bf1 fxe4 17.
Ndxe4 g4 18. O-O-O gxf3 19. gxf3 Nf5 20. Rg1 Kh8 21.
cxd6 cxd6 22. Kb1 Nd4 23. Bxd4 exd4 24. Nb5 Be5 25. Nxd4 Qe7 26. Rd2 Bf5 27. Nxf5 Rxf5 28. Bd3 Rff8 29. Bc2 Rg8 30. Rc1 Rac8 31. Ng3 h5 32.
Ne2 Qf7 33. Be4 Rxc1+ 34. Nxc1 Rg1 35. Qc4 h4 36. Rc2 h3 37. a3 Rg2 38. Nd3 Nxd3 39.
Bxd3 Qxf3 40. Qh4+ Kg7 41. Rc7+ Kf8 42. Qd8# 1-0

[Event "GrandPrix_30.05"]
[Site "Chess.com"]
[Date "2020.05.30"]
[Round "7"]
[White "SavelijTartakover"]
[Black "AvitalBor"]
[Result "1-0"]
[WhiteElo "2535"]
[BlackElo "2596"]
[TimeControl "600+2"]
[EndTime "11:21:18 PDT"]
[Termination "SavelijTartakover won by resignation"]

1. d4 e6 2. c4 d5 3. Nc3 Be7 4. cxd5 exd5 5. Bf4 g5 6. Bg3 c6 7. e3 h5 8. h3 Be6 9. Bd3 Nd7 10. Nf3 Nh6 11. Qc2 h4 12. Bh2 Nb6 13. O-O-O Qd7 14. Ne5 Qc8 15. f3 Nf5 16. Rhe1 Rg8 17. Kb1 Kf8 18. Qf2 c5 19. Ka1 c4 20. Bxf5 Bxf5 21. e4 Be6 22. f4 dxe4 23. fxg5 Nd7 24. Nxe4 Nxe5 25. Bxe5 c3 26. d5 cxb2+ 27. Bxb2 Bf5 28. d6 Bd8 29. Qxh4 Qe6 30. Nf6 Bxf6 31. Bxf6 1-0

[Event "GrandPrix_30.05"]
[Site "Chess.com"]
[Date "2020.05.30"]
[Round "7"]
[White "Arasvard"]
[Black "ZverevLev"]
[Result "1-0"]
[WhiteElo "2020"]
[BlackElo "2083"]
[TimeControl "600+2"]
[EndTime "11:21:19 PDT"]
[Termination "Arasvard won by resignation"]

1. d4 Nf6 2. c4 e6 3. Nc3 Bb4 4. f3 d5 5. a3 Bxc3+ 6. bxc3 O-O 7. cxd5 exd5 8. e3 c5 9. Bd3 Nc6 10. Ne2 Ne7 11. Ng3 Re8 12. O-O b6 13. Ra2 a5 14. Re1 Ba6 15. Bb1 Rc8 16. Rf2 cxd4 17.
cxd4 h6 18. e4 dxe4 19. fxe4 Rxc1 20. Qxc1 Qxd4 21. Qb2 Qd7 22. Qxb6 Bc4 23. Qxa5 Ng4 24. Rd2 Qc6 25. h3 Nf6 26. Red1 Bb3 27. Rf1 Ng6 28. Rd8 Rxd8 29. Qxd8+ Kh7 30. Kh2 Qb5 31. Rf5 Qb7 32.
e5 Nd5 33. e6 Ne3 34. Be4 Qa7 35. Rxf7 Qxa3 36. Rf8 Bxe6 1-0

[Event "GrandPrix_30.05"]
[Site "Chess.com"]
[Date "2020.05.30"]
[Round "7"]
[White "Poghosyan_Suren"]
[Black "Igor_Lysyj"]
[Result "1/2-1/2"]
[WhiteElo "2131"]
[BlackElo "2325"]
[TimeControl "600+2"]
[EndTime "11:21:25 PDT"]
[Termination "Game drawn by repetition"]

1. d4 Nf6 2. c4 e6 3. Nc3 Bb4 4. e3 O-O 5. Ne2 d5 6. a3 Bd6 7. Ng3 c5 8. dxc5 Bxc5 9. b4 Be7 10. cxd5 Nxd5 11. Nxd5 Qxd5 12. Qxd5 exd5 13. Bb2 a5 14. bxa5 Nc6 15. a6 bxa6 16. Bd3 Rb8 17. Rb1 g6 18. Kd2 Be6 19. Rhc1 Na5 20. Rc7 Bd6 21. Ra7 Nb3+ 22. Ke2 Nc5 23. Bc2 Rfc8 24. Bd4 Nd7 25. Bd3 Rxb1 26. Bxb1 Bxa3 27. Rxa6 Bf8 28. h4 h5 29.
Bxg6 Nb8 30. Rb6 Nd7 31. Ra6 Nb8 32. Rb6 Nd7 33. Ra6 1/2-1/2

[Event "GrandPrix_30.05"]
[Site "Chess.com"]
[Date "2020.05.30"]
[Round "7"]
[White "Salnaa"]
[Black "Kopytkin"]
[Result "1-0"]
[WhiteElo "2128"]
[BlackElo "2048"]
[TimeControl "600+2"]
[EndTime "11:21:28 PDT"]
[Termination "Salnaa won by resignation"]

1. d4 f5 2. c4 Nf6 3. Nc3 e6 4.
g3 Bb4 5. Qc2 O-O 6. Bg2 d6 7.
Nf3 Nc6 8. O-O Qe7 9. a3 Bxc3 10.
Qxc3 e5 11. dxe5 dxe5 12. b4 e4 13. Nd4 Ne5 14. Bb2 Re8 15. Rad1 Bd7 16. Rd2 c6 17. Nb3 Neg4 18. e3 b6 19. Rfd1 Rad8 20. h3 Ne5 21. c5 Nd3 22. Bf1 Be6 23. Nd4 Bd5 24. Nxf5 Qe6 25. Nh6+ Kf8 26. Ng4 Kf7 27. Nxf6 gxf6 28.
Bxd3 exd3 29. Rxd3 Re7 30. Rd4 Qxh3 31. Rxd5 Rxd5 32. Qxf6+ Ke8 33. Qxc6+ Qd7 34. Qxd5 1-0

[Event "GrandPrix_30.05"]
[Site "Chess.com"]
[Date "2020.05.30"]
[Round "7"]
[White "LANCELOT96"]
[Black "anesar92"]
[Result "1-0"]
[WhiteElo "2271"]
[BlackElo "2350"]
[TimeControl "600+2"]
[EndTime "11:21:42 PDT"]
[Termination "LANCELOT96 won by resignation"]

1. d4 Nf6 2. c4 e6 3. Nf3 Bb4+ 4.
Bd2 Qe7 5. g3 b6 6. Bg2 Bb7 7.
O-O Bxd2 8. Qxd2 O-O 9. Nc3 Ne4 10. Nxe4 Bxe4 11. Qf4 d5 12. Rac1 c5 13. dxc5 bxc5 14. cxd5 exd5 15. Qe5 Qxe5 16. Nxe5 Bxg2 17. Kxg2 Na6 18.
Rfd1 d4 19. Nd3 Rab8 20. b3 Rfe8 21. Kf1 Rb5 22. Rc4 Ra5 23. Rd2 h6 24. Rdc2 Rb8 25.
Nxc5 Nb4 26. Rd2 Nxa2 27. Rdxd4 Rc8 28. Nd3 Rxc4 29. Rxc4 Ra3 30. Ra4 Rxa4 31. bxa4 Nc3 32. Nb2 Kf8 33. Ke1 Ke7 34. Kd2 Nd5 35. e4 Nf6 36. f3 Nd7 37. Ke3 f6 38. f4 Kd6 39.
Kd4 g5 40. Nc4+ Kc6 41. f5 Nc5 42. e5 Nd7 43. e6 Nb8 44. Ne3 Kd6 45. Ng4 Nc6+ 46.
Ke4 Ke7 47. Nxh6 Kf8 48. h4 gxh4 49. gxh4 1-0

[Event "GrandPrix_30.05"]
[Site "Chess.com"]
[Date "2020.05.30"]
[Round "7"]
[White "Alexander_Donchenko"]
[Black "MikaelyanArman1996"]
[Result "1-0"]
[WhiteElo "2630"]
[BlackElo "2393"]
[TimeControl "600+2"]
[EndTime "11:21:46 PDT"]
[Termination "Alexander_Donchenko won by resignation"]

1. e4 e5 2. Nf3 Nc6 3. Bb5 a6 4. Ba4 Nf6 5. O-O Be7 6. d3 b5 7.
Bb3 d6 8. a3 O-O 9. Nc3 Bg4 10.
Be3 Nd4 11. Bxd4 exd4 12. Nd5 Nd7 13. h3 Bxf3 14. Qxf3 c6 15. Nf4 Nc5 16. Ba2 a5 17.
Ne2 Bf6 18. Qh5 g6 19. Qg4 b4 20. f4 b3 21. Bxb3 Rb8 22. Ba2 Rxb2 23. f5 Kh8 24.
fxg6 fxg6 25. Nf4 Qe8 26. Rf2 Be5 27. Raf1 Bxf4 28. Rxf4 Rxf4 29. Qxf4 Rxa2 30. Qxd6 Nd7 31. e5 Kg7 32. e6 Nf6 33. Qc7+ Kh6 34. Qf4+ Kg7 35.
Qxf6+ Kh6 36. Qh4+ 1-0

[Event "GrandPrix_30.05"]
[Site "Chess.com"]
[Date "2020.05.30"]
[Round "7"]
[White "GMStefanova"]
[Black "Jaka_Brilej"]
[Result "1-0"]
[WhiteElo "2309"]
[BlackElo "2134"]
[TimeControl "600+2"]
[EndTime "11:21:48 PDT"]
[Termination "GMStefanova won by resignation"]

1. Nf3 f5 2. d4 Nf6 3. Nc3 e6 4. h3 Be7 5. Qd3 d5 6. g4 O-O 7. gxf5 exf5 8. Ne5 c6 9. Rg1 Ne4 10. Nxe4 dxe4 11. Qg3 Bf6 12. Bh6 Qe7 13. O-O-O Be6 14. e3 Nd7 15. Bc4 Bxc4 16. Nxc4 b5 17. Nd6 f4 18. Bxf4 Bh4 19. Qg4 Bxf2 20. Rg2 Nf6 21. Nf5 Qd7 22. Qxg7+ Qxg7 23. Nxg7 Kf7 24. Nf5 Ke6 25.
Rxf2 1-0

[Event "GrandPrix_30.05"]
[Site "Chess.com"]
[Date "2020.05.30"]
[Round "7"]
[White "iceboy88"]
[Black "NikolaN98"]
[Result "0-1"]
[WhiteElo "2218"]
[BlackElo "2169"]
[TimeControl "600+2"]
[EndTime "11:21:50 PDT"]
[Termination "NikolaN98 won by resignation"]

1. Nf3 f5 2. d4 Nf6 3. c4 e6 4.
Nc3 b6 5. g3 Bb4 6. Bg2 Bb7 7.
O-O Bxc3 8. bxc3 O-O 9. a4 a5 10. Ba3 d6 11. c5 Ne4 12. Qb3 Re8 13. c4 Nd7 14. cxd6 cxd6 15. Rfd1 Rc8 16. Rac1 Qc7 17. d5 e5 18. Nh4 Nec5 19. Qc2 g6 20. Nf3 Ba6 21.
Ng5 Kg7 22. h4 h6 23. Ne6+ Nxe6 24. dxe6 Rxe6 25. Bd5 Rf6 26. h5 Rcf8 27. hxg6 Rxg6 28. Bg2 Nc5 29. Bb2 f4 30. Be4 Nxe4 31. Qxe4 Bb7 32. Qd3 fxg3 33. f3 Qc5+ 34. e3 Rxf3 35. Ba3 Qc6 36.
Qd5 Qc8 37. Bxd6 Bxd5 38. Bxe5+ Kg8 39. cxd5 Qh3 40. Rc8+ 0-1

[Event "GrandPrix_30.05"]
[Site "Chess.com"]
[Date "2020.05.30"]
[Round "7"]
[White "Flawless_Fighter"]
[Black "Yurovskykh_Alexander"]
[Result "1-0"]
[WhiteElo "2196"]
[BlackElo "2213"]
[TimeControl "600+2"]
[EndTime "11:22:00 PDT"]
[Termination "Flawless_Fighter won by resignation"]

1. e4 d5 2. exd5 Qxd5 3. Nc3 Qd8 4. g3 Nf6 5. Bg2 c6 6. Nf3 Bg4 7. h3 Bxf3 8. Qxf3 e6 9. O-O Nbd7 10. d3 Be7 11. Re1 O-O 12. h4 Nb6 13. Bd2 Nbd5 14. Ne4 Nxe4 15. dxe4 Nf6 16. Rad1 Qb6 17. e5 Nd5 18. Qb3 Qxb3 19. axb3 Rfd8 20. Be4 Rd7 21. c4 Nc7 22. Be3 Rad8 23. Ra1 a6 24. Bb6 h5 25. Kf1 g6 26. Ke2 Rd2+ 27. Ke3 R8d7 28. Re2 Rxe2+ 29. Kxe2 Na8 30. Be3 Nc7 31. f3 Ne8 32. Rh1 Ng7 33. g4 Rd8 34. Bb6 Rd7 35. Bf2 Rd8 36. Ra1 Bb4 37.
Be3 Be7 38. Rh1 Rd7 39. Bf2 Bb4 40. Bd3 Be7 41. Ra1 Kf8 42. Ra4 Ke8 43. b4 Kd8 44. b5 axb5 45. Bb6+ Ke8 46. Ra8+ Bd8 47. cxb5 Ke7 48.
Bc5+ Ke8 49. bxc6 bxc6 50. Be4 1-0

[Event "GrandPrix_30.05"]
[Site "Chess.com"]
[Date "2020.05.30"]
[Round "7"]
[White "Borisss85"]
[Black "fm_magua"]
[Result "1/2-1/2"]
[WhiteElo "2110"]
[BlackElo "1902"]
[TimeControl "600+2"]
[EndTime "11:22:23 PDT"]
[Termination "Game drawn by repetition"]

1. e4 c5 2. Nf3 Nc6 3. d4 cxd4 4.
Nxd4 e5 5. Nb5 d6 6. c4 Be7 7.
Be2 Be6 8. b3 a6 9. N5c3 Bg5 10.
Ba3 Nd4 11. O-O Ne7 12. Nd2 Bxd2 13. Qxd2 Qa5 14. Bb2 O-O 15. Bd3 b5 16. cxb5 axb5 17.
Rfd1 Nec6 18. Nd5 Qa7 19. Kh1 Rab8 20. Nb4 Rfd8 21. Nxc6 Nxc6 22. Rdc1 Nd4 23. Qb4 d5 24. Bxd4 exd4 25. e5 Rdc8 26. f4 Rxc1+ 27. Rxc1 Qxa2 28.
f5 Rc8 29. Rxc8+ Bxc8 30. h3 Qf2 31. Qd6 h5 32. f6 Bf5 33. fxg7 Kh7 34. Qf8 Qe1+ 35.
Kh2 Qxe5+ 36. Kh1 Qe1+ 37. Kh2 Qe5+ 38. Kh1 Qe1+ 39. Kh2 Qe5+ 1/2-1/2

[Event "GrandPrix_30.05"]
[Site "Chess.com"]
[Date "2020.05.30"]
[Round "7"]
[White "yamalchess"]
[Black "Baron_von_Koenig"]
[Result "1-0"]
[WhiteElo "2366"]
[BlackElo "2148"]
[TimeControl "600+2"]
[EndTime "11:22:25 PDT"]
[Termination "yamalchess won by checkmate"]

1. d4 Nc6 2. c4 e5 3. d5 Bb4+ 4. Bd2 Bxd2+ 5. Qxd2 Nce7 6. Nc3 d6 7. g3 f5 8. Bg2 Nf6 9. Nh3 O-O 10. f4 e4 11. Nf2 c5 12. e3 Bd7 13. a4 b6 14.
O-O a6 15. h3 b5 16. axb5 axb5 17. cxb5 Qb6 18. g4 g6 19. gxf5 gxf5 20. Kh2 Bxb5 21. Rxa8 Rxa8 22. Rg1 Kf7 23. Bxe4 fxe4 24. Nfxe4 Nxe4 25.
Nxe4 Rg8 26. Rxg8 Nxg8 27. Ng5+ Ke8 28. Qc3 Ne7 29. Qf6 Bd7 30. Ne6 Bxe6 31. dxe6 Nd5 32. Qf7+ Kd8 33. Qd7# 1-0

[Event "GrandPrix_30.05"]
[Site "Chess.com"]
[Date "2020.05.30"]
[Round "7"]
[White "ly4o"]
[Black "DinaBelenkaya"]
[Result "1-0"]
[WhiteElo "2021"]
[BlackElo "1632"]
[TimeControl "600+2"]
[EndTime "11:22:25 PDT"]
[Termination "ly4o won by checkmate"]

1. d4 Nf6 2. c4 c5 3. d5 e5 4. Nc3 d6 5. e4 Be7 6. h3 Nbd7 7.
Bd3 Nf8 8. Be3 Ng6 9. Nge2 Bd7 10. Qd2 a6 11. a4 Qc8 12. a5 Nh4 13. Kf1 Bd8 14. Ng3 Bc7 15. Bg5 Ng6 16. Bxf6 gxf6 17. Nh5 Qd8 18. Bc2 Bxa5 19. Qh6 Bxc3 20. bxc3 Qe7 21. Ng7+ Kd8 22. Nh5 Kc7 23. Rb1 Rhg8 24. g3 a5 25. Bd1 a4 26. Bg4 Be8 27. Kg2 Ra5 28. Qd2 b6 29. Rb2 Qd8 30. Rhb1 Ra6 31.
Kh2 Kb7 32. Qc1 Ka7 33. Ra2 Ra5 34. Rba1 Nf8 35. Bd1 Rg5 36. h4 Rxh5 37. Bxh5 Nd7 38.
Bd1 Nb8 39. Bxa4 Bxa4 40. Rxa4 Na6 41. Rxa5 bxa5 42. Qa3 Qb6 43. Qxa5 Qxa5 44. Rxa5 Kb6 45. Rb5+ Kc7 46. h5 h6 47. Kh3 Nb8 48. Rxb8 Kxb8 49. Kg4 Kc7 50. Kf5 Kd7 51. Kxf6 Ke8 52. Kg7 Ke7 53.
Kxh6 Kf8 54. Kg5 Kg7 55. Kf5 Kh6 56. g4 Kg7 57. g5 Kh7 58. Kf6 Kg8 59. Ke7 Kg7 60.
Kxd6 f5 61. Kxe5 fxe4 62. Kxe4 Kh7 63. d6 Kg7 64. d7 Kh7 65. d8=Q Kg7 66. Qd7+ Kh8 67.
h6 Kg8 68. Qg7# 1-0

[Event "GrandPrix_30.05"]
[Site "Chess.com"]
[Date "2020.05.30"]
[Round "7"]
[White "VojtechPlat"]
[Black "Bosiocic"]
[Result "1-0"]
[WhiteElo "2348"]
[BlackElo "2592"]
[TimeControl "600+2"]
[EndTime "11:22:33 PDT"]
[Termination "VojtechPlat won by resignation"]

1. e4 d6 2. d4 Nf6 3. Nc3 e5 4. Nf3 Nbd7 5. Bc4 Be7 6. a4 O-O 7. a5 exd4 8. Qxd4 c6 9. O-O Nc5 10. h3 Be6 11. Rd1 Re8 12. Bf4 Bf8 13. Bf1 d5 14.
exd5 Nxd5 15. b4 Nd7 16. Nxd5 Bxd5 17. c4 Bxf3 18. gxf3 Nf6 19. Qxd8 Raxd8 20. b5 Rxd1 21. Rxd1 cxb5 22. cxb5 Bc5 23. Bc4 h6 24. Kf1 Kf8 25. Ba2 Bb4 26. a6 bxa6 27. bxa6 Rc8 28. Rb1 Rc2 29. Bb3 Rc8 30. Bxf7 Kxf7 31. Rxb4 g5 32.
Rb7+ Ke6 33. Be3 Rc1+ 34. Bxc1 1-0

[Event "GrandPrix_30.05"]
[Site "Chess.com"]
[Date "2020.05.30"]
[Round "7"]
[White "Alex_Molchanov"]
[Black "eristeski7"]
[Result "1-0"]
[WhiteElo "2068"]
[BlackElo "2125"]
[TimeControl "600+2"]
[EndTime "11:22:44 PDT"]
[Termination "Alex_Molchanov won by resignation"]

1. c4 g6 2. g3 Bg7 3. Bg2 d6 4.
Nc3 Nf6 5. e3 O-O 6. Nge2 e5 7. d3 c6 8. O-O Na6 9. e4 Nc5 10. h3 Ne6 11. f4 Nd4 12. Nxd4 exd4 13. Ne2 c5 14. g4 Nd7 15. f5 Be5 16. Bh6 Qh4 17. Qd2 Qe7 18. fxg6 hxg6 19. Bxf8 Nxf8 20. Rf2 Be6 21. Raf1 Nh7 22. Nf4 Rf8 23. a3 Bc8 24. Qe1 Ng5 25. Nxg6 fxg6 26. Rxf8+ Qxf8 27. Rxf8+ Kxf8 28. Qa5 Ne6 29. Qxa7 Ke8 30. b4 g5 31. b5 Nc7 32. a4 Ne6 33. Qb6 Kd7 34. a5 Nc7 35. h4 gxh4 36. g5 Kd8 37. g6 Bg7 38. Qxd6+ 1-0

[Event "GrandPrix_30.05"]
[Site "Chess.com"]
[Date "2020.05.30"]
[Round "7"]
[White "payto1"]
[Black "Novoselski"]
[Result "0-1"]
[WhiteElo "2181"]
[BlackElo "2325"]
[TimeControl "600+2"]
[EndTime "11:22:45 PDT"]
[Termination "Novoselski won by resignation"]

1. d4 e6 2. c4 f5 3. g3 Nf6 4.
Bg2 Be7 5. Nc3 O-O 6. Nf3 d6 7.
O-O Ne4 8. Qc2 Nxc3 9. bxc3 Nc6 10. e4 e5 11. Rd1 Qe8 12. Ba3 f4 13. c5 Kh8 14.
cxd6 cxd6 15. d5 Nb8 16. c4 b6 17. Bc1 Qh5 18. Ne1 f3 19. Bf1 Nd7 20. Rd3 Nc5 21.
Rc3 Bd7 22. Be3 Ba4 23. Qb1 Rf6 24. Bxc5 dxc5 25. Nxf3 Rxf3 26. Be2 Rxg3+ 27. hxg3 Qxe2 28. Qd3 Qg4 29. d6 Bf6 30. Qd5 Rd8 31. Ra3 Qd7 32. Rd1 Bxd1 33. Qxd1 Qxd6 34. Qxd6 Rxd6 35. Rxa7 h5 36.
Rb7 Kh7 37. Kg2 Kh6 38. a4 Kg5 39. Kf3 Rd3+ 40. Kg2 Ra3 41. Rxb6 Rxa4 0-1

[Event "GrandPrix_30.05"]
[Site "Chess.com"]
[Date "2020.05.30"]
[Round "7"]
[White "weplaychess09"]
[Black "Alex_Krayz"]
[Result "0-1"]
[WhiteElo "2073"]
[BlackElo "2205"]
[TimeControl "600+2"]
[EndTime "11:22:57 PDT"]
[Termination "Alex_Krayz won by checkmate"]

1. d4 Nf6 2. c4 e6 3. Nf3 b6 4.
a3 Bb7 5. Bf4 Be7 6. Nc3 d6 7.
d5 e5 8. Bg3 Nh5 9. e4 g6 10.
Be2 Nd7 11. Qd2 Nc5 12. Bd1 a5 13. Bc2 Bc8 14. O-O a4 15. Rae1 Bg4 16. Bd1 Bd7 17. Kh1 O-O 18. Ng1 Bg5 19. Qc2 Nf4 20. f3 f5 21. Bf2 Nfd3 22. Re2 Nxf2+ 23. Rexf2 Be3 24. Re2 Bd4 25. Ree1 Qh4 26. Nge2 fxe4 27. Nxe4 Nxe4 28. fxe4 Bf2 29. g3 Qh6 30. Nc3 Bxe1 31. Rxe1 Rf7 32. Kg2 Raf8 33. Qe2 Bh3+ 34. Kg1 Qe3+ 35. Qxe3 Rf1+ 36.
Rxf1 Rxf1# 0-1

[Event "GrandPrix_30.05"]
[Site "Chess.com"]
[Date "2020.05.30"]
[Round "7"]
[White "Keks2017"]
[Black "Pidzsy"]
[Result "0-1"]
[WhiteElo "2298"]
[BlackElo "2260"]
[TimeControl "600+2"]
[EndTime "11:22:59 PDT"]
[Termination "Pidzsy won by resignation"]

1. e4 g6 2. d4 Bg7 3. Nc3 d6 4. Be3 c6 5. h3 b5 6. g4 Nd7 7.
Bg2 Nb6 8. b3 Bb7 9. Qd2 c5 10.
Nxb5 Nf6 11. f3 O-O 12. Rd1 cxd4 13. Bxd4 e5 14. Bb2 d5 15. exd5 Nfxd5 16. Qf2 Rc8 17. c4 Nxc4 18. bxc4 Rxc4 19. Na3 Rb4 20. Bc1 Qa5 21.
Kf1 Ba6+ 22. Ne2 Nc3 23. Re1 Nxe2 24. Rxe2 Rc8 25. Qe3 e4 26. Bd2 Bxe2+ 27. Qxe2 Qxa3 28. Bxb4 Qxb4 29. Kf2 e3+ 30. Kg1 Qf4 31. Bf1 Be5 32. h4 Qg3+ 33. Qg2 Rc2 34. Qxg3 Bxg3 35. Rh3 Bf4 0-1

[Event "GrandPrix_30.05"]
[Site "Chess.com"]
[Date "2020.05.30"]
[Round "7"]
[White "SpasKozhuharov"]
[Black "troisi"]
[Result "1-0"]
[WhiteElo "2177"]
[BlackElo "1694"]
[TimeControl "600+2"]
[EndTime "11:23:04 PDT"]
[Termination "SpasKozhuharov won by resignation"]

1. c4 Nf6 2. Nc3 e5 3. g3 d5 4. cxd5 Nxd5 5. Nf3 Nc6 6. Bg2 Be6 7. O-O Be7 8. d4 Bf6 9. dxe5 Nxc3 10. bxc3 Nxe5 11.
Nxe5 Bxe5 12. Bxb7 Rb8 13. Bc6+ Bd7 14. Qa4 Bxc6 15.
Qxc6+ Qd7 16. Qc4 O-O 17. Be3 c6 18. Rfd1 Qc7 19. Rd2 Bf6 20. Rad1 Rb7 21. Rd6 Rc8 22.
Qg4 Rd8 23. Rxd8+ Bxd8 24. Bd4 g6 25. Qe4 Qe7 26. Qxc6 Qxe2 27. Qxb7 Qxd1+ 28. Kg2 Qd3 29. Qa8 Qe4+ 30. Qxe4 1-0

[Event "GrandPrix_30.05"]
[Site "Chess.com"]
[Date "2020.05.30"]
[Round "7"]
[White "Iljin_Timofey"]
[Black "Winawer81"]
[Result "1-0"]
[WhiteElo "2256"]
[BlackElo "2139"]
[TimeControl "600+2"]
[EndTime "11:23:23 PDT"]
[Termination "Iljin_Timofey won by resignation"]

1. d4 Nf6 2. c4 e6 3. Nc3 Bb4 4. e3 O-O 5. a3 Bxc3+ 6. bxc3 Nc6 7. Bd3 d6 8. Ne2 e5 9. e4 Qe8 10. f3 b6 11. O-O Ba6 12. Bg5 Nd7 13. Bh4 Na5 14. f4 Bxc4 15. fxe5 dxe5 16. Ng3 f6 17. Nf5 Be6 18. Rf3 Rc8 19. Ba6 Rd8 20. Qe2 Nb8 21. Bb5 c6 22. Bd3 Nb3 23. Raf1 exd4 24. Nxg7 Kxg7 25. Rxf6 Rxf6 26. Bxf6+ Kg8 27. Bxd8 Qxd8 28.
e5 Nd7 29. Bc4 Bd5 30. e6 Ne5 31. Qxe5 Bxc4 32. e7 Qe8 33. Qg5+ 1-0

[Event "GrandPrix_30.05"]
[Site "Chess.com"]
[Date "2020.05.30"]
[Round "7"]
[White "tsaruk_maks"]
[Black "Frozygul"]
[Result "1-0"]
[WhiteElo "2383"]
[BlackElo "2190"]
[TimeControl "600+2"]
[EndTime "11:23:34 PDT"]
[Termination "tsaruk_maks won by resignation"]

1. e4 Nf6 2. e5 Nd5 3. d4 d6 4. Nf3 dxe5 5. Nxe5 c6 6. Bc4 Bf5 7. Qf3 e6 8. Bd3 Qf6 9. Bxf5 Qxf5 10. Qxf5 exf5 11.
O-O Be7 12. c3 O-O 13. Nd2 g6 14. Nb3 Bf6 15. Nd3 Nd7 16. a4 b6 17. a5 Rfe8 18. axb6 axb6 19. Bd2 b5 20. Na5 Ra6 21. b4 Rea8 22. Ra3 N5b6 23. Rfa1 Nb8 24. Nc5 R6a7 25. Bf4 N8d7 26. Bd6 Nxc5 27. Bxc5 Bd8 28. Kf1 Ra6 29. Bxb6 Bxb6 30. Nc4 Rxa3 31. Rxa3 Rxa3 32. Nxa3 Kf8 33. Ke2 Ke7 34. d5 Kd6 35. dxc6 Kxc6 36. f3 Bc7 37. h3 h5 38. Kd3 Be5 39. Nc2 Bf6 40. Nd4+ Kb6 41. c4 bxc4+ 42. Kxc4 f4 43. Ne2 g5 44. Nc3 Bg7 45. Nd5+ Kb7 46. b5 f5 47. Ne7 g4 48.
Nxf5 gxh3 49. gxh3 Be5 50. Ne7 Bb8 51. Nd5 Bd6 52.
Kd4 1-0

[Event "GrandPrix_30.05"]
[Site "Chess.com"]
[Date "2020.05.30"]
[Round "7"]
[White "aleksandrovaleksei"]
[Black "KuzubovYuriy"]
[Result "0-1"]
[WhiteElo "2548"]
[BlackElo "2578"]
[TimeControl "600+2"]
[EndTime "11:23:45 PDT"]
[Termination "KuzubovYuriy won by checkmate"]

1. d4 Nf6 2. c4 e6 3. Nc3 Bb4 4.
e3 O-O 5. Ne2 c6 6. a3 Ba5 7. Bd2 d5 8. cxd5 exd5 9. g3 Re8 10. Bg2 Nbd7 11. O-O Nf8 12. b4 Bc7 13. b5 Bf5 14. Qa4 Re6 15. Nc1 N8d7 16. bxc6 bxc6 17. Qd1 Nb6 18. Nb3 Nc4 19. Nc5 Re8 20. Qe2 Rb8 21.
Ra2 Bd6 22. N3a4 h5 23. Rc1 h4 24. Be1 hxg3 25. hxg3 Ng4 26. Na6 Rc8 27. Nb2 Ncxe3 28.
fxe3 Rxe3 29. Qf1 Qg5 30. Nb4 Qh5 31. Qa6 Qh2+ 32. Kf1 Rf3+ 33. Bxf3 Ne3# 0-1

[Event "GrandPrix_30.05"]
[Site "Chess.com"]
[Date "2020.05.30"]
[Round "7"]
[White "Kobalia"]
[Black "Murad_Ibrahimli"]
[Result "1-0"]
[WhiteElo "2494"]
[BlackElo "2553"]
[TimeControl "600+2"]
[EndTime "11:24:00 PDT"]
[Termination "Kobalia won by checkmate"]

1. e4 c5 2. Nf3 d6 3. Bb5+ Nd7 4.
O-O Nf6 5. Re1 e5 6. c3 Be7 7. d4 cxd4 8. cxd4 O-O 9. Nc3 a6 10.
Ba4 b5 11. Bb3 Bb7 12. Bg5 exd4 13. Nxd4 b4 14. Bxf6 Nxf6 15. Nd5 Nxd5 16. Bxd5 Bxd5 17. exd5 Bf6 18. Nc6 Qb6 19. Qd2 a5 20. Re4 Rfe8 21.
Rae1 Rxe4 22. Rxe4 h6 23. g3 Qc5 24. b3 a4 25. Rc4 Bc3 26. Qd3 axb3 27. axb3 Qb6 28.
Qf5 Qb5 29. Ne7+ Kf8 30. Ng6+ Kg8 31. Rc8+ Rxc8 32. Qxc8+ Kh7 33. Ne7 h5 34. Qf5+ Kh6 35. Ng8# 1-0

[Event "GrandPrix_30.05"]
[Site "Chess.com"]
[Date "2020.05.30"]
[Round "7"]
[White "Arm-Akiba"]
[Black "WhiteCapital80"]
[Result "1/2-1/2"]
[WhiteElo "2682"]
[BlackElo "2436"]
[TimeControl "600+2"]
[EndTime "11:24:05 PDT"]
[Termination "Game drawn by repetition"]

1. d4 e6 2. c4 d5 3. Nf3 Nf6 4. g3 Be7 5. Bg2 O-O 6. O-O dxc4 7. Qc2 a6 8. a4 Bd7 9. Qxc4 Bc6 10. Bf4 Nbd7 11. Nc3 Nb6 12. Qb3 Nfd5 13. Bd2 Nxc3 14.
bxc3 Bd5 15. Qc2 f5 16. Rfe1 Nc4 17. Bf4 g5 18. Bc1 b5 19. Nd2 Bxg2 20. Kxg2 c5 21. Nxc4 bxc4 22. Ba3 cxd4 23. Bxe7 Qxe7 24. cxd4 Rac8 25.
Rab1 Qd7 26. Qc3 Rfd8 27. Red1 Qxa4 28. d5 exd5 29. Rd4 Qc6 30. Ra1 Qe6 31. e3 h6 32. Ra5 Rd6 33. h4 g4 34. h5 Qf7 35.
Qa3 Rcc6 36. Qc3 Rc8 37. Qa3 Rcc6 38. Qc3 Rc8 1/2-1/2

[Event "GrandPrix_30.05"]
[Site "Chess.com"]
[Date "2020.05.30"]
[Round "7"]
[White "SuperFineHipster"]
[Black "Magicmaster17"]
[Result "0-1"]
[WhiteElo "2212"]
[BlackElo "2411"]
[TimeControl "600+2"]
[EndTime "11:24:05 PDT"]
[Termination "Magicmaster17 won by resignation"]

1. Nf3 Nf6 2. c4 g6 3. d4 Bg7 4. Nc3 d5 5. Bf4 O-O 6. e3 c5 7. dxc5 Ne4 8. Rc1 Nd7 9. cxd5 Qa5 10. Nd4 Ndxc5 11. Bc4 Nxc3 12. bxc3 Bd7 13. O-O Na4 14.
Bb3 Nxc3 15. Qd2 Rac8 16. Rc2 b5 17. a3 Rc5 18. Rfc1 Rfc8 19. f3 Qxa3 20. Bg3 b4 21. Bh4 Kf8 22. d6 e5 23. Ne6+ fxe6 24. Bxe6 Bxe6 25.
d7 Bxd7 26. Qxd7 R5c7 27. Be7+ Kf7 28. Bxb4+ Rxd7 29. Bxa3 Ne2+ 0-1

[Event "GrandPrix_30.05"]
[Site "Chess.com"]
[Date "2020.05.30"]
[Round "7"]
[White "Khvicha_Supatashvili"]
[Black "moro182"]
[Result "0-1"]
[WhiteElo "2273"]
[BlackElo "2512"]
[TimeControl "600+2"]
[EndTime "11:24:11 PDT"]
[Termination "moro182 won by resignation"]

1. d4 Nf6 2. c4 e6 3. Nf3 a6 4.
Nc3 d5 5. cxd5 exd5 6. Bf4 Bd6 7.
Bg3 O-O 8. e3 Bf5 9. Qb3 Nc6 10.
a3 Na5 11. Qa4 Bxg3 12. hxg3 c6 13. b4 Nc4 14. Bxc4 dxc4 15. Ne5 Re8 16. Qd1 a5 17. Rc1 axb4 18. axb4 Qd6 19. g4 Bg6 20. f4 Bd3 21. g5 Nd5 22. Kf2 Nxc3 23. Rxc3 Ra2+ 24. Kg3 Be4 25.
Rh2 b5 26. Qg4 Qxb4 27. f5 Bd5 28. Qh5 Qxc3 29. Qxh7+ Kf8 30. f6 Qxe3+ 31. Nf3 Rxg2+ 0-1